 Dungeon Crawl Stone Soup version 0.17-a0-737-gf0a300a (webtiles) character file.

176 Ngotmuk the Covered (level 5, -3/49 HPs)
             Began as a Deep Dwarf Fighter on Apr 28, 2015.
             Slain by a gnoll
             ... wielding a +0 halberd
              (7 damage)
             ... on level 3 of the Dungeon.
             The game lasted 00:05:27 (2103 turns).

Ngotmuk the Covered (Deep Dwarf Fighter)            Turns: 2103, Time: 00:05:28

Health: -3/49      AC:  9    Str: 21    XL:     5   Next: 30%
Magic:  5/5        EV:  9    Int:  8    God:
Gold:   103        SH:  9    Dex: 12    Spells: 0 memorised, 4 levels left

rFire  . . .     SeeInvis .     a - +0 war axe
rCold  + . .     Clarity  .     u - +2 ring mail {rC+}
rNeg   . . .     SustAb   .     c - +0 shield
rPois  .         Gourm    .     r - +0 helmet
rElec  .         Spirit   .     (no cloak)
rCorr  .         Warding  .     (no gloves)
rMut   .         Stasis   .     (no boots)
MR     .....                    b - amulet of regeneration
Stlth  ++........               (no ring)
                                m - ring of stealth

@: non-regenerating, not resistant to hostile enchantments, unstealthy
A: damage resistance, recharge devices, sense surroundings 1, slow healing 3
a: Device Recharging


You were on level 3 of the Dungeon.
You were not hungry.

You visited 1 branch of the dungeon, and saw 3 of its levels.

You collected 103 gold pieces.

Inventory:

Hand weapons
 a - a +0 war axe (weapon)
Armour
 c - a +0 shield (worn)
 r - a +0 helmet (worn)
 u - a +2 ring mail of cold resistance (worn)
Jewellery
 b - an amulet of regeneration (around neck)
 m - a ring of stealth (left hand)
 p - an uncursed amulet of resist mutation
Magical devices
 e - a wand of heal wounds (4)
Scrolls
 i - a scroll of remove curse {unknown}
 j - 2 scrolls of identify {unknown}
 l - a scroll of fog {unknown}
 o - a scroll of random uselessness {unknown}
 s - a scroll of teleportation {unknown}
 v - a scroll of magic mapping {unknown}
 w - a scroll of blinking {unknown}
Potions
 d - a potion of might
 g - 2 potions of restore abilities {unknown}
 h - 3 potions of curing {unknown}
 k - 2 potions of magic {unknown}
 q - a potion of heal wounds {unknown}
 t - a potion of agility {unknown}
 x - a potion of mutation {unknown}
Comestibles
 f - 2 bread rations
 n - 2 fruits


   Skills:
 + Level 3.3 Fighting
 + Level 3.3 Axes
 + Level 4.1 Armour
 + Level 2.1 Dodging
 + Level 4.1 Shields


You had 4 spell levels left.
You didn't know any spells.

Dungeon Overview and Level Annotations

Branches:
Dungeon (3/15)

Altars:


Innate Abilities, Weirdness & Mutations

You are resistant to damage.
You can recharge devices by infusing magical energy.
You passively map a small area around you.
You do not heal naturally.


Message History

You block the gnoll's attack.
You slash the gnoll!
You kill the gnoll!
You miss the big kobold. You block the big kobold's attack.
You block the gnoll's attack.
The big kobold hits you but does no damage.
You barely miss the hobgoblin. You slash the big kobold!
The big kobold is moderately wounded.
The hobgoblin barely misses you.
The gnoll hits you from afar with a halberd!
* * * LOW HITPOINT WARNING * * *
You block the hobgoblin's attack.
You hit the hobgoblin but do no damage. You hit the big kobold.
The big kobold is moderately wounded.
The gnoll hits you from afar with a halberd!
* * * LOW HITPOINT WARNING * * *
You block the big kobold's attack. The hobgoblin barely misses you.
You block the big kobold's attack.
The gnoll hits you from afar with a halberd!
You die...

................................^
≈≈.≈≈≈≈.≈.≈≈≈≈.≈≈.≈..≈.≈..≈≈≈≈≈.≈
≈≈≈≈≈≈≈≈≈≈≈≈≈≈≈≈≈≈≈≈≈≈≈≈≈≈≈≈≈≈≈≈≈
≈≈≈≈≈≈≈≈≈≈≈≈≈≈≈≈≈≈≈≈≈≈≈≈≈≈≈≈≈≈≈≈≈
≈≈≈≈≈≈#####≈≈≈≈≈≈≈≈≈≈≈≈≈≈≈≈≈≈≈≈≈≈
≈≈≈≈≈≈# #######################
≈≈≈≈≈≈# #..............#.... ,
≈≈≈≈≈≈# #...gKK).......'.... ≈≈≈
≈ #...Kg@(((.....######## ≈
......########..........# ...
#..........' . ######..........#
..........######## ,
.......((((.((.(. ≈ * , ,
.........#.....(. *
################# * ≈≈ ≈ ≈ ≈


You could see 2 big kobolds, a gnoll, a hobgoblin and a kobold.

Vanquished Creatures
  A hound zombie (D:3)
  Robin (D:3)
  3 adders
  2 gnolls (D:3)
  2 oozes
  A worm (D:3)
  4 giant geckos
  3 giant cockroaches
  19 goblins
  16 hobgoblins
  2 quokkas
  8 bats
  4 giant newts
  23 kobolds
  3 rats
92 creatures vanquished.

Notes
Turn   | Place    | Note
--------------------------------------------------------------
     0 | D:1      | Ngotmuk, the Deep Dwarf Fighter, began the quest for the Orb.
     0 | D:1      | Reached XP level 1. HP: 20/20 MP: 1/1
    98 | D:1      | Reached XP level 2. HP: 24/27 MP: 2/2
   336 | D:1      | Reached skill level 1 in Dodging
   662 | D:2      | Reached XP level 3. HP: 23/33 MP: 3/3
  1364 | D:3      | Reached XP level 4. HP: 19/42 MP: 4/4
  1507 | D:3      | Noticed Robin
  1517 | D:3      | Killed Robin
  1718 | D:3      | Reached skill level 4 in Shields
  2023 | D:3      | Reached XP level 5. HP: 28/49 MP: 5/5
  2088 | D:3      | Noticed a big kobold
  2089 | D:3      | Noticed a big kobold
  2103 | D:3      | Slain by a gnoll

Action                   |  1- 3 |  4- 6 || total
-------------------------+-------+-------++-------
Melee: War axe           |   114 |    93 ||   207
Evoke: Wand              |     2 |     3 ||     5
  Eat: Bread ration      |     1 |       ||     1
       Fruit             |     1 |       ||     1
